NEW-YORK OUTLAWS vs TRENTON WHALERS
Created - 27 novembre 2025 at 22:33
Goals
|
| NEW-YORK OUTLAWS |
2 |
1 |
1 |
4 |
| TRENTON WHALERS |
0 |
1 |
1 |
2 |
|
Shots
|
| NEW-YORK OUTLAWS |
6 |
12 |
7 |
25 |
| TRENTON WHALERS |
16 |
19 |
16 |
51 |
|
1st period
1. NEW-YORK OUTLAWS , Ryan Winterton 4 (Jan Jenik 5, Ian Mitchell 3) at 0:55
2. NEW-YORK OUTLAWS , Dylan Peterson 2 (Spencer Stastney 5, Nathan Legare 5) at 17:38
Penalties :
No Penalty
2nd period
3. NEW-YORK OUTLAWS , Ryan Winterton 5 (Spencer Stastney 6, Vasiliy Ponomarev 1) at 8:28
4. TRENTON WHALERS , Sam Malinski 6 (Wyatt Kaiser 16, Sam Morton 3) at 18:22 (PP)
Penalties :
Ryan Winterton (NYO) for Tripping (Minor) at 1:09, Ryan Winterton (NYO) for Hooking (Minor) at 17:27
3rd period
5. TRENTON WHALERS , Daniil Miromanov 5 (Jakob Pelletier 7) at 2:16
6. NEW-YORK OUTLAWS , Carson Lambos 3 (Vasiliy Ponomarev 2, Dylan Peterson 6) at 19:44 (Empty Net)
Penalties :
Henrik Rybinski (TRE) for Roughing (Minor) at 7:16, Ethan Samson (NYO) for Holding (Minor) at 8:12, Jason Polin (TRE) for Hooking (Minor) at 15:36
Goalie Stats
Kevin Mandolese (NYO), 49 saves from 51 shots - (0,961), W, 5-8-3, 60:00 minutes
Clay Stevenson (TRE), 21 saves from 24 shots - (0,875), L, 8-5-0, 59:23 minutes
Players Stats for NEW-YORK OUTLAWS
Player Name G A P +/- PIM S H SB GA TA FO MP PP MP PK MP
------------------------------------------------------------------------------------
Carson Lambos 1 0 1 0 0 2 0 6 0 0 0/0 22:30 1:23 1:59
Christian Kyrou 0 0 0 0 0 0 0 0 0 0 0/0 6:04 0:00 0:00
Dylan Peterson 1 1 2 3 0 3 2 0 0 0 14/30 26:56 1:11 2:37
Ethan Samson 0 0 0 2 2 0 2 1 0 0 0/0 18:25 1:31 1:17
Ian Mitchell 0 1 1 1 0 0 1 1 0 0 0/0 12:18 0:00 0:34
Isak Rosen 0 0 0 0 0 0 0 0 0 0 0/0 2:19 0:12 0:00
James Malatesta 0 0 0 1 0 0 0 0 0 0 1/1 5:33 0:00 0:00
Jan Jenik 0 1 1 0 0 1 6 0 0 0 3/5 27:10 1:32 1:13
Jonathan Lekkerimaki 0 0 0 0 0 5 0 1 0 0 0/7 26:30 1:11 1:13
Matthew Robertson 0 0 0 0 0 1 8 2 0 0 0/0 22:30 1:23 1:59
Nathan Legare 0 1 1 1 0 1 0 0 0 0 1/2 26:22 1:11 0:00
Nikolai Knyzhov 0 0 0 0 0 0 0 0 0 0 0/0 0:42 0:00 0:00
Riley Duran 0 0 0 0 0 0 1 0 0 0 25/41 28:18 1:44 2:11
Ryan Johnson 0 0 0 1 0 1 2 0 0 0 0/0 11:58 0:00 0:14
Ryan Winterton 2 0 2 1 4 7 0 0 0 0 0/1 21:26 1:44 0:00
Seamus Casey 0 0 0 0 0 0 1 0 0 0 0/1 6:35 0:00 0:00
Spencer Stastney 0 2 2 2 0 3 1 0 0 0 0/0 19:28 1:32 1:37
Vasiliy Ponomarev 0 2 2 3 0 1 0 0 0 0 3/4 10:00 0:00 0:26
Players Stats for TRENTON WHALERS
Player Name G A P +/- PIM S H SB GA TA FO MP PP MP PK MP
------------------------------------------------------------------------------------
Cole Koepke 0 0 0 1 0 0 4 1 0 0 1/3 15:57 1:54 1:58
Daniil Miromanov 1 0 1 1 0 7 0 1 0 0 0/0 24:17 1:54 1:06
Gabriel Szturc 0 0 0 0 0 0 1 0 0 0 2/10 7:31 0:00 0:05
Henrik Rybinski 0 0 0 -1 2 3 0 0 0 0 16/30 20:05 1:56 0:52
Jakob Pelletier 0 1 1 0 0 8 2 0 0 0 9/23 22:30 1:54 1:58
Jason Polin 0 0 0 -2 2 1 1 0 0 0 0/1 16:20 0:00 0:00
Logan Morrison 0 0 0 -2 0 5 0 0 0 0 14/21 17:34 0:00 0:52
Massimo Rizzo 0 0 0 -1 0 0 0 0 0 0 1/1 2:06 0:00 0:00
Maxwell Crozier 0 0 0 -2 0 1 0 1 0 0 0/0 13:43 0:00 0:00
Michael Benning 0 0 0 -1 0 2 0 1 0 0 0/0 21:28 1:55 0:51
Michael Milne 0 0 0 0 0 0 1 0 0 0 1/1 6:52 0:00 0:00
Noel Hoefenmayer 0 0 0 -1 0 1 3 1 0 0 0/0 22:35 1:55 1:58
Paul Ludwinski 0 0 0 -1 0 0 0 0 0 0 0/0 0:52 0:00 0:05
Sam Malinski 1 0 1 0 0 5 3 2 0 0 0/0 23:38 1:55 0:53
Sam Morton 0 1 1 -1 0 12 0 0 0 0 0/0 19:14 1:56 0:00
Taylor Ward 0 0 0 -1 0 2 2 0 0 0 0/0 19:14 1:56 0:00
Wyatt Kaiser 0 1 1 -2 0 3 1 5 0 0 0/0 25:43 1:55 1:02
Xavier Bourgault 0 0 0 -2 0 1 0 0 0 0 1/2 16:21 0:00 0:00
3 Stars
1 - Kevin Mandolese (NYO)
2 - Dylan Peterson (NYO)
3 - Vasiliy Ponomarev (NYO)
Power Play
NEW-YORK OUTLAWS - 0 on 2 Attempt(s) - 0,00%
TRENTON WHALERS - 1 on 3 Attempt(s) - 33,33%
Penalty Kill
NEW-YORK OUTLAWS - 2 on 3 Attempt(s) - 66,67%
- Score 0 goal in Penalty Kill
TRENTON WHALERS - 2 on 2 Attempt(s) - 100,00%
- Score 0 goal in Penalty Kill
Team Stat
NEW-YORK OUTLAWS - Hits : 24 - Faceoff Wins : 47 - Blocked Shots : 11 - Penalty Minutes : 6
TRENTON WHALERS - Hits : 18 - Faceoff Wins : 45 - Blocked Shots : 12 - Penalty Minutes : 4
Official
Referees : Corey Syvret and Trevor Hanson
Linesman : Andrew Smith and Kyle Allen
Game Notes
Carson Lambos has scored in a empty net!
NEW-YORK OUTLAWS
5 vs 5 Forward
Center Left Wing Right Wing Time % Phy DF OF
1 Riley Duran Ryan Winterton Jan Jenik 36 1 2 2
2 Dylan Peterson Jonathan Lekkerimaki Nathan Legare 31 1 2 2
3 Riley Duran Jonathan Lekkerimaki Jan Jenik 23 1 2 2
4 Jonathan Lekkerimaki Nathan Legare Jan Jenik 10 1 2 2
5 vs 5 Defense
Defense Defense Time % Phy DF OF
1 Matthew Robertson Carson Lambos 36 1 2 2
2 Spencer Stastney Ethan Samson 31 1 2 2
3 Ian Mitchell Ryan Johnson 23 1 2 2
4 Seamus Casey Christian Kyrou 10 1 2 2
PowerPlay Forward
Center Left Wing Right Wing Time % Phy DF OF
1 Riley Duran Ryan Winterton Jan Jenik 55 1 2 2
2 Dylan Peterson Jonathan Lekkerimaki Nathan Legare 45 1 2 2
PowerPlay Defense
Defense Defense Time % Phy DF OF
1 Matthew Robertson Carson Lambos 55 1 2 2
2 Spencer Stastney Ethan Samson 45 1 2 2
Penalty Kill 4 Players Forward
Center Wing Time % Phy DF OF
1 Dylan Peterson Riley Duran 55 1 2 2
2 Jan Jenik Jonathan Lekkerimaki 45 1 2 2
Penalty Kill 4 Players Defense
Defense Defense Time % Phy DF OF
1 Matthew Robertson Carson Lambos 55 1 2 2
2 Spencer Stastney Ethan Samson 45 1 2 2
Penalty Kill - 3 Players Forward
Forward Time % Phy DF OF
1 Jan Jenik 55 1 2 2
2 Jonathan Lekkerimaki 45 1 2 2
Penalty Kill - 3 Players Defense
Defense Defense Time % Phy DF OF
1 Matthew Robertson Carson Lambos 55 1 2 2
2 Spencer Stastney Ethan Samson 45 1 2 2
4 vs 4 Forward
Center Wing Time % Phy DF OF
1 Riley Duran Nathan Legare 55 1 2 2
2 Jan Jenik Jonathan Lekkerimaki 45 1 2 2
4 vs 4 Defense
Defense Defense Time % Phy DF OF
1 Matthew Robertson Carson Lambos 55 1 2 2
2 Spencer Stastney Ethan Samson 45 1 2 2
Last Minutes Offensive
Center Left Wing Right Wing Defense Defense
Jonathan Lekkerimaki Nathan Legare Jan Jenik Matthew Robertson Carson Lambos
Last Minutes Defensive
Center Left Wing Right Wing Defense Defense
Jonathan Lekkerimaki Nathan Legare Jan Jenik Matthew Robertson Carson Lambos
Goaltenders
Starting : Kevin Mandolese
Backup : Mark Sinclair
Extra Forwards
Normal : Riley Duran, Jonathan Lekkerimaki, Jan Jenik - PP : Riley Duran, Jan Jenik - PK : Jan Jenik
Extra Defensemen
Normal : Nikolai Knyzhov, Ian Mitchell, Ryan Johnson - PP : Nikolai Knyzhov - PK : Ian Mitchell, Ryan Johnson
Penalty Shots
Riley Duran, Nathan Legare, Jan Jenik, Jonathan Lekkerimaki, Dylan Peterson
Scratches
Joey Anderson (Sprained Left Ankle Injury), Jakub Stancl (Healthy), Olivier Nadeau (Healthy), Matthew Wood (Healthy), Nathan Aspinall (Healthy)
Nathan Villeneuve (Healthy)
TRENTON WHALERS
5 vs 5 Forward
Center Left Wing Right Wing Time % Phy DF OF
1 Jakob Pelletier Cole Koepke Daniil Miromanov 36 1 2 2
2 Henrik Rybinski Sam Morton Taylor Ward 31 1 2 2
3 Logan Morrison Jason Polin Xavier Bourgault 23 1 2 2
4 Gabriel Szturc Michael Milne Jakob Pelletier 10 1 2 2
5 vs 5 Defense
Defense Defense Time % Phy DF OF
1 Wyatt Kaiser Sam Malinski 36 1 2 2
2 Noel Hoefenmayer Michael Benning 31 1 2 2
3 Maxwell Crozier Wyatt Kaiser 23 1 2 2
4 Sam Malinski Daniil Miromanov 10 1 2 2
PowerPlay Forward
Center Left Wing Right Wing Time % Phy DF OF
1 Jakob Pelletier Cole Koepke Daniil Miromanov 55 1 2 2
2 Henrik Rybinski Sam Morton Taylor Ward 45 1 2 2
PowerPlay Defense
Defense Defense Time % Phy DF OF
1 Wyatt Kaiser Sam Malinski 55 1 2 2
2 Noel Hoefenmayer Michael Benning 45 1 2 2
Penalty Kill 4 Players Forward
Center Wing Time % Phy DF OF
1 Jakob Pelletier Cole Koepke 55 1 2 2
2 Henrik Rybinski Logan Morrison 45 1 2 2
Penalty Kill 4 Players Defense
Defense Defense Time % Phy DF OF
1 Wyatt Kaiser Sam Malinski 55 1 2 2
2 Daniil Miromanov Noel Hoefenmayer 45 1 2 2
Penalty Kill - 3 Players Forward
Forward Time % Phy DF OF
1 Jakob Pelletier 55 1 2 2
2 Cole Koepke 45 1 2 2
Penalty Kill - 3 Players Defense
Defense Defense Time % Phy DF OF
1 Wyatt Kaiser Sam Malinski 55 1 2 2
2 Daniil Miromanov Noel Hoefenmayer 45 1 2 2
4 vs 4 Forward
Center Wing Time % Phy DF OF
1 Jakob Pelletier Cole Koepke 55 1 2 2
2 Henrik Rybinski Logan Morrison 45 1 2 2
4 vs 4 Defense
Defense Defense Time % Phy DF OF
1 Wyatt Kaiser Sam Malinski 55 1 2 2
2 Daniil Miromanov Noel Hoefenmayer 45 1 2 2
Last Minutes Offensive
Center Left Wing Right Wing Defense Defense
Jakob Pelletier Cole Koepke Daniil Miromanov Wyatt Kaiser Sam Malinski
Last Minutes Defensive
Center Left Wing Right Wing Defense Defense
Jakob Pelletier Cole Koepke Daniil Miromanov Wyatt Kaiser Sam Malinski
Goaltenders
Starting : Clay Stevenson
Backup : Jakub Skarek
Extra Forwards
Normal : Massimo Rizzo, Paul Ludwinski, Xavier Bourgault - PP : Massimo Rizzo, Paul Ludwinski - PK : Xavier Bourgault
Extra Defensemen
Normal : Maxwell Crozier, Michael Benning, Noel Hoefenmayer - PP : Maxwell Crozier - PK : Michael Benning, Noel Hoefenmayer
Penalty Shots
Jakob Pelletier, Cole Koepke, Daniil Miromanov, Henrik Rybinski, Logan Morrison
Scratches
Elias Pettersson Jr (Healthy), Alex Steeves (Healthy), Borya Valis (Healthy), Dmitry Kuzmin (Healthy), Kevin Korchinski (Healthy)
Angus Crookshank (Healthy), John Prokop (Healthy), Karsen Dorwart (Healthy), Patrick Giles (Healthy), Matias Rajaniemi (Healthy)
Matt Copponi (Healthy), Noah Philp (Healthy), Trey Taylor (Healthy), Talyn Boyko (Healthy)
% Time on Ice - NEW-YORK OUTLAWS
Lines # - Real PCT - Wanted PCT - Time Play
Normal Forward
1 - 40% - 36% - 20:44
2 - 39% - 31% - 20:33
3 - 10% - 23% - 5:27
4 - 10% - 10% - 5:18
Normal Defense
1 - 36% - 36% - 18:37
2 - 30% - 31% - 15:37
3 - 23% - 23% - 11:44
4 - 12% - 10% - 6:04
PP Forward
1 - 59% - 55% - 1:44
2 - 41% - 45% - 1:11
PP Defense
1 - 47% - 55% - 1:23
2 - 53% - 45% - 1:32
PK Forward
1 - 68% - 55% - 2:37
2 - 32% - 45% - 1:13
PK Defense
1 - 52% - 55% - 1:59
2 - 48% - 45% - 1:51
PK3 Forward
1 - 0% - 55%
2 - 0% - 45%
PK3 Defense
1 - 0% - 55%
2 - 0% - 45%
44 Forward
1 - 100% - 55% - 1:03
2 - 0% - 45% - 0:00
44 Defense
1 - 33% - 55% - 0:21
2 - 67% - 45% - 0:42
Last Minute Offensive - 0:00
Last Minute Defensive - 0:10
Total
Forward - 60:00
Defense - 60:00
|
% Time on Ice - TRENTON WHALERS
Lines # - Real PCT - Wanted PCT - Time Play
Normal Forward
1 - 21% - 36% - 11:02
2 - 34% - 31% - 17:18
3 - 32% - 23% - 16:21
4 - 13% - 10% - 6:52
Normal Defense
1 - 17% - 36% - 9:00
2 - 36% - 31% - 18:21
3 - 25% - 23% - 12:59
4 - 22% - 10% - 11:13
PP Forward
1 - 50% - 55% - 1:54
2 - 50% - 45% - 1:56
PP Defense
1 - 50% - 55% - 1:55
2 - 50% - 45% - 1:55
PK Forward
1 - 67% - 55% - 1:58
2 - 33% - 45% - 0:57
PK Defense
1 - 35% - 55% - 1:02
2 - 65% - 45% - 1:53
PK3 Forward
1 - 0% - 55%
2 - 0% - 45%
PK3 Defense
1 - 0% - 55%
2 - 0% - 45%
44 Forward
1 - 54% - 55% - 0:34
2 - 46% - 45% - 0:29
44 Defense
1 - 67% - 55% - 0:42
2 - 33% - 45% - 0:21
Last Minute Offensive - 0:39
Last Minute Defensive - 0:00
Total
Forward - 60:00
Defense - 60:00
|
Play-by-Play
1st period
0:01 of 1st period - Riley Duran wins face-off versus Jakob Pelletier in neutral zone.
0:08 of 1st period - Shot by Jan Jenik.
0:08 of 1st period - Shot Misses the Net.
0:10 of 1st period - Shot by Carson Lambos.
0:10 of 1st period - Shot Blocked by Cole Koepke.
0:12 of 1st period - Shot by Ryan Winterton.
0:12 of 1st period - Stopped by Clay Stevenson with a rebound.
0:16 of 1st period - Shot by Ryan Winterton.
0:16 of 1st period - Stopped by Clay Stevenson without a rebound.
0:17 of 1st period - Henrik Rybinski wins face-off versus Dylan Peterson in TRENTON WHALERS zone.
0:43 of 1st period - Shot by Jonathan Lekkerimaki.
0:43 of 1st period - Deflect By Nathan Legare.
0:43 of 1st period - Stopped by Clay Stevenson without a rebound.
0:44 of 1st period - Riley Duran wins face-off versus Logan Morrison in TRENTON WHALERS zone.
0:45 of 1st period - Shot by Jan Jenik.
0:45 of 1st period - Stopped by Clay Stevenson without a rebound.
0:46 of 1st period - Logan Morrison wins face-off versus Riley Duran in TRENTON WHALERS zone.
0:53 of 1st period - Shot by Jan Jenik.
0:53 of 1st period - Shot Blocked by Maxwell Crozier.
0:55 of 1st period - Shot by Ryan Winterton.
0:55 of 1st period - Goal by Ryan Winterton - NEW-YORK OUTLAWS : 1 - TRENTON WHALERS : 0.
0:56 of 1st period - Riley Duran wins face-off versus Gabriel Szturc in neutral zone.
1:14 of 1st period - Shot by Jakob Pelletier.
1:14 of 1st period - Shot Misses the Net.
1:16 of 1st period - Shot by Sam Malinski.
1:16 of 1st period - Stopped by Kevin Mandolese with a rebound.
1:18 of 1st period - Shot by Daniil Miromanov.
1:18 of 1st period - Stopped by Kevin Mandolese without a rebound.
1:19 of 1st period - Logan Morrison wins face-off versus Dylan Peterson in NEW-YORK OUTLAWS zone.
1:20 of 1st period - Shot by Jason Polin.
1:20 of 1st period - Shot Misses the Net.
1:22 of 1st period - Shot by Logan Morrison.
1:22 of 1st period - Deflect By Xavier Bourgault.
1:22 of 1st period - Shot Misses the Net.
1:24 of 1st period - Shot by Wyatt Kaiser.
1:24 of 1st period - Shot Misses the Net.
1:26 of 1st period - Shot by Wyatt Kaiser.
1:26 of 1st period - Shot Misses the Net.
1:38 of 1st period - Icing by Wyatt Kaiser.
1:39 of 1st period - Riley Duran wins face-off versus Logan Morrison in TRENTON WHALERS zone.
2:24 of 1st period - Shot by Cole Koepke.
2:24 of 1st period - Shot Blocked by Ian Mitchell.
2:26 of 1st period - Shot by Cole Koepke.
2:26 of 1st period - Deflect By Jakob Pelletier.
2:26 of 1st period - Stopped by Kevin Mandolese without a rebound.
2:27 of 1st period - Dylan Peterson wins face-off versus Henrik Rybinski in NEW-YORK OUTLAWS zone.
2:37 of 1st period - Icing by Daniil Miromanov.
2:38 of 1st period - Henrik Rybinski wins face-off versus Dylan Peterson in TRENTON WHALERS zone.
3:00 of 1st period - Shot by Sam Morton.
3:00 of 1st period - Shot Blocked by Matthew Robertson.
3:42 of 1st period - Shot by Jan Jenik.
3:42 of 1st period - Shot Misses the Net.
3:44 of 1st period - Shot by Riley Duran.
3:44 of 1st period - Shot Misses the Net.
3:46 of 1st period - Shot by Spencer Stastney.
3:46 of 1st period - Shot Misses the Net.
4:12 of 1st period - Dylan Peterson is hit by Michael Milne and loses puck.
4:25 of 1st period - Shot by Nathan Legare.
4:25 of 1st period - Shot Hit the Post.
4:49 of 1st period - Shot by Logan Morrison.
4:49 of 1st period - Stopped by Kevin Mandolese with a rebound.
4:51 of 1st period - Shot by Logan Morrison.
4:51 of 1st period - Stopped by Kevin Mandolese without a rebound.
4:52 of 1st period - Riley Duran wins face-off versus Henrik Rybinski in NEW-YORK OUTLAWS zone.
4:52 of 1st period - Riley Duran is hit by Taylor Ward.
5:00 of 1st period - Shot by Sam Morton.
5:00 of 1st period - Shot Misses the Net.
5:11 of 1st period - Icing by Carson Lambos.
5:12 of 1st period - Riley Duran wins face-off versus Xavier Bourgault in NEW-YORK OUTLAWS zone.
5:27 of 1st period - Shot by Logan Morrison.
5:27 of 1st period - Shot Misses the Net.
6:07 of 1st period - Shot by Sam Morton.
6:07 of 1st period - Shot Misses the Net.
6:09 of 1st period - Shot by Henrik Rybinski.
6:09 of 1st period - Shot Misses the Net.
6:11 of 1st period - Shot by Michael Benning.
6:11 of 1st period - Shot Misses the Net.
6:13 of 1st period - Shot by Noel Hoefenmayer.
6:13 of 1st period - Shot Blocked by Ethan Samson.
6:18 of 1st period - Sam Morton is hit by Ethan Samson and loses puck.
6:21 of 1st period - Shot by Sam Morton.
6:21 of 1st period - Stopped by Kevin Mandolese without a rebound.
6:22 of 1st period - Vasiliy Ponomarev wins face-off versus Cole Koepke in NEW-YORK OUTLAWS zone.
6:22 of 1st period - Vasiliy Ponomarev is hit by Cole Koepke.
6:34 of 1st period - Shot by Jonathan Lekkerimaki.
6:34 of 1st period - Shot Misses the Net.
7:31 of 1st period - Icing by Spencer Stastney.
7:32 of 1st period - Riley Duran wins face-off versus Henrik Rybinski in NEW-YORK OUTLAWS zone.
8:08 of 1st period - Shot by Sam Morton.
8:08 of 1st period - Stopped by Kevin Mandolese without a rebound.
8:09 of 1st period - Jan Jenik wins face-off versus Gabriel Szturc in NEW-YORK OUTLAWS zone.
8:37 of 1st period - Jakob Pelletier is hit by Jan Jenik.
8:59 of 1st period - Ian Mitchell is hit by Jakob Pelletier and loses puck.
9:10 of 1st period - Shot by Ryan Winterton.
9:10 of 1st period - Shot Misses the Net.
9:28 of 1st period - Shot by Jason Polin.
9:28 of 1st period - Shot Misses the Net.
10:31 of 1st period - Shot by Henrik Rybinski.
10:31 of 1st period - Stopped by Kevin Mandolese without a rebound.
10:32 of 1st period - Dylan Peterson wins face-off versus Gabriel Szturc in NEW-YORK OUTLAWS zone.
12:39 of 1st period - Icing by Ryan Winterton.
12:40 of 1st period - Jakob Pelletier wins face-off versus Jonathan Lekkerimaki in NEW-YORK OUTLAWS zone.
12:54 of 1st period - Jakob Pelletier is hit by Jan Jenik and loses puck.
13:15 of 1st period - Icing by Carson Lambos.
13:16 of 1st period - James Malatesta wins face-off versus Henrik Rybinski in NEW-YORK OUTLAWS zone.
13:26 of 1st period - Off-side.
13:27 of 1st period - Logan Morrison wins face-off versus Jan Jenik in neutral zone.
13:42 of 1st period - Shot by Jason Polin.
13:42 of 1st period - Shot Misses the Net.
13:44 of 1st period - Shot by Jason Polin.
13:44 of 1st period - Deflect By Logan Morrison.
13:44 of 1st period - Shot Misses the Net.
13:46 of 1st period - Shot by Michael Benning.
13:46 of 1st period - Stopped by Kevin Mandolese without a rebound.
13:47 of 1st period - Dylan Peterson wins face-off versus Henrik Rybinski in NEW-YORK OUTLAWS zone.
14:12 of 1st period - Shot by Sam Morton.
14:12 of 1st period - Shot Misses the Net.
14:14 of 1st period - Shot by Wyatt Kaiser.
14:14 of 1st period - Stopped by Kevin Mandolese without a rebound.
14:15 of 1st period - Jakob Pelletier wins face-off versus Riley Duran in NEW-YORK OUTLAWS zone.
14:22 of 1st period - Shot by Sam Malinski.
14:22 of 1st period - Stopped by Kevin Mandolese without a rebound.
14:23 of 1st period - Riley Duran wins face-off versus Jakob Pelletier in NEW-YORK OUTLAWS zone.
15:35 of 1st period - Shot by Dylan Peterson.
15:35 of 1st period - Shot Blocked by Wyatt Kaiser.
15:58 of 1st period - Noel Hoefenmayer is hit by Dylan Peterson and loses puck.
16:15 of 1st period - Shot by Logan Morrison.
16:15 of 1st period - Stopped by Kevin Mandolese without a rebound.
16:16 of 1st period - Riley Duran wins face-off versus Gabriel Szturc in NEW-YORK OUTLAWS zone.
16:18 of 1st period - Isak Rosen is hit by Gabriel Szturc and loses puck.
16:33 of 1st period - Shot by Jakob Pelletier.
16:33 of 1st period - Stopped by Kevin Mandolese without a rebound.
16:34 of 1st period - Logan Morrison wins face-off versus Riley Duran in NEW-YORK OUTLAWS zone.
16:39 of 1st period - Shot by Logan Morrison.
16:39 of 1st period - Stopped by Kevin Mandolese without a rebound.
16:40 of 1st period - Riley Duran wins face-off versus Henrik Rybinski in NEW-YORK OUTLAWS zone.
16:53 of 1st period - Shot by Ryan Winterton.
16:53 of 1st period - Shot Misses the Net.
16:58 of 1st period - Daniil Miromanov is hit by Ian Mitchell and loses puck.
17:38 of 1st period - Shot by Dylan Peterson.
17:38 of 1st period - Goal by Dylan Peterson - NEW-YORK OUTLAWS : 2 - TRENTON WHALERS : 0.
17:39 of 1st period - Dylan Peterson wins face-off versus Gabriel Szturc in neutral zone.
18:04 of 1st period - Shot by Jakob Pelletier.
18:04 of 1st period - Shot Blocked by Carson Lambos.
18:14 of 1st period - Shot by Wyatt Kaiser.
18:14 of 1st period - Shot Blocked by Carson Lambos.
18:16 of 1st period - Shot by Jakob Pelletier.
18:16 of 1st period - Stopped by Kevin Mandolese with a rebound.
19:45 of 1st period - Shot by Daniil Miromanov.
19:45 of 1st period - Stopped by Kevin Mandolese with a rebound.
Goals for this period are 2 for NEW-YORK OUTLAWS vs 0 for TRENTON WHALERS.
Shots for this period are 6 for NEW-YORK OUTLAWS vs 16 for TRENTON WHALERS.
2nd period
0:01 of 2nd period - Riley Duran wins face-off versus Jakob Pelletier in neutral zone.
0:12 of 2nd period - Shot by Jakob Pelletier.
0:12 of 2nd period - Shot Misses the Net.
0:14 of 2nd period - Shot by Daniil Miromanov.
0:14 of 2nd period - Stopped by Kevin Mandolese with a rebound.
0:16 of 2nd period - Shot by Cole Koepke.
0:16 of 2nd period - Shot Misses the Net.
0:18 of 2nd period - Shot by Sam Malinski.
0:18 of 2nd period - Stopped by Kevin Mandolese without a rebound.
0:19 of 2nd period - Dylan Peterson wins face-off versus Henrik Rybinski in NEW-YORK OUTLAWS zone.
0:52 of 2nd period - Shot by Sam Morton.
0:52 of 2nd period - Stopped by Kevin Mandolese with a rebound.
0:54 of 2nd period - Shot by Henrik Rybinski.
0:54 of 2nd period - Stopped by Kevin Mandolese without a rebound.
0:55 of 2nd period - Riley Duran wins face-off versus Jakob Pelletier in NEW-YORK OUTLAWS zone.
1:09 of 2nd period - Minor Penalty to Ryan Winterton for Tripping.
1:10 of 2nd period - Dylan Peterson wins face-off versus Jakob Pelletier in NEW-YORK OUTLAWS zone.
1:26 of 2nd period - Shot by Daniil Miromanov.
1:26 of 2nd period - Stopped by Kevin Mandolese without a rebound.
1:27 of 2nd period - Henrik Rybinski wins face-off versus Dylan Peterson in NEW-YORK OUTLAWS zone.
1:47 of 2nd period - Off-side.
1:48 of 2nd period - Dylan Peterson wins face-off versus Jakob Pelletier in neutral zone.
2:11 of 2nd period - Icing by Wyatt Kaiser.
2:12 of 2nd period - Jakob Pelletier wins face-off versus Dylan Peterson in TRENTON WHALERS zone.
3:15 of 2nd period - Shot by Logan Morrison.
3:15 of 2nd period - Stopped by Kevin Mandolese without a rebound.
3:16 of 2nd period - Logan Morrison wins face-off versus Jonathan Lekkerimaki in NEW-YORK OUTLAWS zone.
3:46 of 2nd period - Jason Polin is hit by Ethan Samson and loses puck.
4:35 of 2nd period - Shot by Sam Morton.
4:35 of 2nd period - Stopped by Kevin Mandolese without a rebound.
4:36 of 2nd period - Jakob Pelletier wins face-off versus Riley Duran in NEW-YORK OUTLAWS zone.
5:03 of 2nd period - Shot by Cole Koepke.
5:03 of 2nd period - Deflect By Jakob Pelletier.
5:03 of 2nd period - Stopped by Kevin Mandolese without a rebound.
5:04 of 2nd period - Logan Morrison wins face-off versus Jonathan Lekkerimaki in NEW-YORK OUTLAWS zone.
5:17 of 2nd period - Shot by Jan Jenik.
5:17 of 2nd period - Shot Blocked by Wyatt Kaiser.
5:19 of 2nd period - Shot by Jonathan Lekkerimaki.
5:19 of 2nd period - Stopped by Clay Stevenson without a rebound.
5:20 of 2nd period - Henrik Rybinski wins face-off versus Riley Duran in TRENTON WHALERS zone.
6:35 of 2nd period - Cole Koepke is hit by Matthew Robertson and loses puck.
6:59 of 2nd period - Off-side.
7:00 of 2nd period - Riley Duran wins face-off versus Logan Morrison in neutral zone.
7:27 of 2nd period - Shot by Ryan Winterton.
7:27 of 2nd period - Stopped by Clay Stevenson without a rebound.
7:28 of 2nd period - Dylan Peterson wins face-off versus Henrik Rybinski in TRENTON WHALERS zone.
7:53 of 2nd period - Shot by Vasiliy Ponomarev.
7:53 of 2nd period - Stopped by Clay Stevenson without a rebound.
7:54 of 2nd period - Riley Duran wins face-off versus Logan Morrison in TRENTON WHALERS zone.
7:54 of 2nd period - Riley Duran is hit by Sam Malinski.
8:10 of 2nd period - Shot by Jan Jenik.
8:10 of 2nd period - Shot Misses the Net.
8:15 of 2nd period - Riley Duran is hit by Sam Malinski and loses puck.
8:18 of 2nd period - Shot by Carson Lambos.
8:18 of 2nd period - Stopped by Clay Stevenson with a rebound.
8:20 of 2nd period - Shot by Jonathan Lekkerimaki.
8:20 of 2nd period - Stopped by Clay Stevenson without a rebound.
8:21 of 2nd period - Vasiliy Ponomarev wins face-off versus Henrik Rybinski in TRENTON WHALERS zone.
8:21 of 2nd period - Spencer Stastney is hit by Noel Hoefenmayer and loses puck.
8:24 of 2nd period - Shot by Spencer Stastney.
8:24 of 2nd period - Stopped by Clay Stevenson with a rebound.
8:28 of 2nd period - Shot by Ryan Winterton.
8:28 of 2nd period - Goal by Ryan Winterton - NEW-YORK OUTLAWS : 3 - TRENTON WHALERS : 0.
8:29 of 2nd period - Henrik Rybinski wins face-off versus Riley Duran in neutral zone.
8:37 of 2nd period - Sam Morton is hit by Ryan Johnson.
8:43 of 2nd period - Shot by Henrik Rybinski.
8:43 of 2nd period - Stopped by Kevin Mandolese without a rebound.
8:44 of 2nd period - Jakob Pelletier wins face-off versus Dylan Peterson in NEW-YORK OUTLAWS zone.
8:55 of 2nd period - Shot by Nathan Legare.
8:55 of 2nd period - Shot Blocked by Wyatt Kaiser.
9:32 of 2nd period - Icing by Spencer Stastney.
9:33 of 2nd period - Riley Duran wins face-off versus Henrik Rybinski in NEW-YORK OUTLAWS zone.
9:38 of 2nd period - Shot by Ryan Winterton.
9:38 of 2nd period - Shot Misses the Net.
9:54 of 2nd period - Shot by Ryan Winterton.
9:54 of 2nd period - Stopped by Clay Stevenson without a rebound.
9:55 of 2nd period - Logan Morrison wins face-off versus Dylan Peterson in TRENTON WHALERS zone.
10:17 of 2nd period - Shot by Ryan Johnson.
10:17 of 2nd period - Shot Misses the Net.
10:35 of 2nd period - Shot by Jan Jenik.
10:35 of 2nd period - Shot Blocked by Wyatt Kaiser.
10:39 of 2nd period - Shot by Riley Duran.
10:39 of 2nd period - Shot Misses the Net.
10:41 of 2nd period - Shot by Ryan Winterton.
10:41 of 2nd period - Shot Misses the Net.
11:06 of 2nd period - Off-side.
11:07 of 2nd period - Nathan Legare wins face-off versus Jakob Pelletier in neutral zone.
11:13 of 2nd period - Icing by Daniil Miromanov.
11:14 of 2nd period - Dylan Peterson wins face-off versus Jakob Pelletier in TRENTON WHALERS zone.
11:35 of 2nd period - Shot by Spencer Stastney.
11:35 of 2nd period - Stopped by Clay Stevenson without a rebound.
11:36 of 2nd period - Riley Duran wins face-off versus Henrik Rybinski in TRENTON WHALERS zone.
11:39 of 2nd period - Shot by Jonathan Lekkerimaki.
11:39 of 2nd period - Stopped by Clay Stevenson with a rebound.
12:01 of 2nd period - Icing by Riley Duran.
12:02 of 2nd period - Riley Duran wins face-off versus Gabriel Szturc in NEW-YORK OUTLAWS zone.
12:19 of 2nd period - Shot by Gabriel Szturc.
12:19 of 2nd period - Shot Misses the Net.
12:21 of 2nd period - Shot by Jakob Pelletier.
12:21 of 2nd period - Stopped by Kevin Mandolese without a rebound.
12:22 of 2nd period - Dylan Peterson wins face-off versus Logan Morrison in NEW-YORK OUTLAWS zone.
12:22 of 2nd period - Dylan Peterson is hit by Jason Polin.
13:33 of 2nd period - Shot by Jakob Pelletier.
13:33 of 2nd period - Stopped by Kevin Mandolese with a rebound.
14:15 of 2nd period - Christian Kyrou is hit by Cole Koepke and loses puck.
14:54 of 2nd period - Shot by Matthew Robertson.
14:54 of 2nd period - Shot Blocked by Wyatt Kaiser.
15:03 of 2nd period - James Malatesta is hit by Sam Malinski and loses puck.
15:11 of 2nd period - Dylan Peterson is hit by Wyatt Kaiser.
15:35 of 2nd period - Shot by Jonathan Lekkerimaki.
15:35 of 2nd period - Stopped by Clay Stevenson with a rebound.
15:37 of 2nd period - Shot by Jonathan Lekkerimaki.
15:37 of 2nd period - Shot Blocked by Sam Malinski.
15:39 of 2nd period - Shot by Jonathan Lekkerimaki.
15:39 of 2nd period - Stopped by Clay Stevenson without a rebound.
15:40 of 2nd period - Logan Morrison wins face-off versus Seamus Casey in TRENTON WHALERS zone.
15:47 of 2nd period - Shot by Jason Polin.
15:47 of 2nd period - Shot Misses the Net.
16:10 of 2nd period - Off-side.
16:11 of 2nd period - Henrik Rybinski wins face-off versus Riley Duran in neutral zone.
16:18 of 2nd period - Icing by Carson Lambos.
16:19 of 2nd period - Riley Duran wins face-off versus Logan Morrison in NEW-YORK OUTLAWS zone.
16:45 of 2nd period - Shot by Jason Polin.
16:45 of 2nd period - Stopped by Kevin Mandolese without a rebound.
16:46 of 2nd period - Henrik Rybinski wins face-off versus Ryan Winterton in NEW-YORK OUTLAWS zone.
16:59 of 2nd period - Shot by Sam Morton.
16:59 of 2nd period - Deflect By Taylor Ward.
16:59 of 2nd period - Stopped by Kevin Mandolese without a rebound.
17:00 of 2nd period - Henrik Rybinski wins face-off versus Jonathan Lekkerimaki in NEW-YORK OUTLAWS zone.
17:07 of 2nd period - Shot by Sam Morton.
17:07 of 2nd period - Stopped by Kevin Mandolese with a rebound.
17:15 of 2nd period - Shot by Taylor Ward.
17:15 of 2nd period - Stopped by Kevin Mandolese without a rebound.
17:16 of 2nd period - Riley Duran wins face-off versus Jason Polin in NEW-YORK OUTLAWS zone.
17:18 of 2nd period - Icing by Ryan Winterton.
17:19 of 2nd period - Riley Duran wins face-off versus Cole Koepke in NEW-YORK OUTLAWS zone.
17:26 of 2nd period - Shot by Jan Jenik.
17:26 of 2nd period - Shot Blocked by Sam Malinski.
17:27 of 2nd period - Minor Penalty to Ryan Winterton for Hooking.
17:28 of 2nd period - Henrik Rybinski wins face-off versus Dylan Peterson in NEW-YORK OUTLAWS zone.
17:41 of 2nd period - Shot by Sam Malinski.
17:41 of 2nd period - Stopped by Kevin Mandolese without a rebound.
17:42 of 2nd period - Riley Duran wins face-off versus Jakob Pelletier in NEW-YORK OUTLAWS zone.
18:06 of 2nd period - Shot by Cole Koepke.
18:06 of 2nd period - Shot Misses the Net.
18:08 of 2nd period - Shot by Noel Hoefenmayer.
18:08 of 2nd period - Stopped by Kevin Mandolese without a rebound.
18:09 of 2nd period - Jan Jenik wins face-off versus Henrik Rybinski in NEW-YORK OUTLAWS zone.
18:18 of 2nd period - Shot by Sam Malinski.
18:18 of 2nd period - Shot Blocked by Carson Lambos.
18:20 of 2nd period - Shot by Wyatt Kaiser.
18:20 of 2nd period - Shot Misses the Net.
18:22 of 2nd period - Shot by Sam Malinski.
18:22 of 2nd period - Goal by Sam Malinski - NEW-YORK OUTLAWS : 3 - TRENTON WHALERS : 1.
18:23 of 2nd period - Logan Morrison wins face-off versus Jonathan Lekkerimaki in neutral zone.
18:34 of 2nd period - Shot by Wyatt Kaiser.
18:34 of 2nd period - Shot Blocked by Jonathan Lekkerimaki.
18:36 of 2nd period - Shot by Wyatt Kaiser.
18:36 of 2nd period - Stopped by Kevin Mandolese without a rebound.
18:37 of 2nd period - Dylan Peterson wins face-off versus Jakob Pelletier in NEW-YORK OUTLAWS zone.
18:43 of 2nd period - Spencer Stastney is hit by Noel Hoefenmayer and loses puck.
19:02 of 2nd period - Jonathan Lekkerimaki is hit by Cole Koepke and loses puck.
Goals for this period are 1 for NEW-YORK OUTLAWS vs 1 for TRENTON WHALERS.
Shots for this period are 12 for NEW-YORK OUTLAWS vs 19 for TRENTON WHALERS.
3rd period
0:01 of 3rd period - Jakob Pelletier wins face-off versus Riley Duran in neutral zone.
0:10 of 3rd period - Shot by Jakob Pelletier.
0:10 of 3rd period - Stopped by Kevin Mandolese without a rebound.
0:11 of 3rd period - Henrik Rybinski wins face-off versus Dylan Peterson in NEW-YORK OUTLAWS zone.
0:11 of 3rd period - Wyatt Kaiser is hit by Matthew Robertson and loses puck.
0:15 of 3rd period - Henrik Rybinski is hit by Matthew Robertson and loses puck.
0:23 of 3rd period - Henrik Rybinski is hit by Matthew Robertson and loses puck.
0:28 of 3rd period - Shot by Sam Morton.
0:28 of 3rd period - Stopped by Kevin Mandolese with a rebound.
0:30 of 3rd period - Shot by Wyatt Kaiser.
0:30 of 3rd period - Stopped by Kevin Mandolese without a rebound.
0:31 of 3rd period - Riley Duran wins face-off versus Jakob Pelletier in NEW-YORK OUTLAWS zone.
0:40 of 3rd period - Shot by Riley Duran.
0:40 of 3rd period - Shot Blocked by Noel Hoefenmayer.
0:52 of 3rd period - Shot by Ryan Winterton.
0:52 of 3rd period - Stopped by Clay Stevenson without a rebound.
0:53 of 3rd period - Henrik Rybinski wins face-off versus Dylan Peterson in TRENTON WHALERS zone.
1:01 of 3rd period - Jonathan Lekkerimaki is hit by Taylor Ward and loses puck.
1:12 of 3rd period - Shot by Spencer Stastney.
1:12 of 3rd period - Shot Misses the Net.
2:14 of 3rd period - Shot by Daniil Miromanov.
2:14 of 3rd period - Shot Blocked by Carson Lambos.
2:16 of 3rd period - Shot by Daniil Miromanov.
2:16 of 3rd period - Goal by Daniil Miromanov - NEW-YORK OUTLAWS : 3 - TRENTON WHALERS : 2.
2:17 of 3rd period - Logan Morrison wins face-off versus Dylan Peterson in neutral zone.
2:34 of 3rd period - Shot by Dylan Peterson.
2:34 of 3rd period - Stopped by Clay Stevenson without a rebound.
2:35 of 3rd period - Gabriel Szturc wins face-off versus Riley Duran in TRENTON WHALERS zone.
2:35 of 3rd period - Jakob Pelletier is hit by Jan Jenik and loses puck.
2:55 of 3rd period - Seamus Casey is hit by Noel Hoefenmayer and loses puck.
3:03 of 3rd period - Jakob Pelletier is hit by Seamus Casey and loses puck.
3:28 of 3rd period - Shot by Daniil Miromanov.
3:28 of 3rd period - Stopped by Kevin Mandolese without a rebound.
3:29 of 3rd period - Henrik Rybinski wins face-off versus Dylan Peterson in NEW-YORK OUTLAWS zone.
3:41 of 3rd period - Sam Morton is hit by Matthew Robertson and loses puck.
4:33 of 3rd period - Icing by Carson Lambos.
4:34 of 3rd period - Dylan Peterson wins face-off versus Gabriel Szturc in NEW-YORK OUTLAWS zone.
4:34 of 3rd period - Dylan Peterson is hit by Jakob Pelletier.
4:55 of 3rd period - Jakob Pelletier is hit by Matthew Robertson and loses puck.
5:00 of 3rd period - Shot by Jakob Pelletier.
5:00 of 3rd period - Stopped by Kevin Mandolese without a rebound.
5:01 of 3rd period - Jan Jenik wins face-off versus Logan Morrison in NEW-YORK OUTLAWS zone.
5:24 of 3rd period - Shot by Ryan Winterton.
5:24 of 3rd period - Shot Misses the Net.
5:27 of 3rd period - Icing by Sam Malinski.
5:28 of 3rd period - Xavier Bourgault wins face-off versus Riley Duran in TRENTON WHALERS zone.
5:28 of 3rd period - Xavier Bourgault is hit by Riley Duran.
5:53 of 3rd period - Sam Malinski is hit by Ryan Johnson and loses puck.
6:32 of 3rd period - Daniil Miromanov is hit by Spencer Stastney and loses puck.
7:16 of 3rd period - Minor Penalty to Henrik Rybinski for Roughing.
7:17 of 3rd period - Riley Duran wins face-off versus Jakob Pelletier in TRENTON WHALERS zone.
7:28 of 3rd period - Shot by Matthew Robertson.
7:28 of 3rd period - Stopped by Clay Stevenson without a rebound.
7:29 of 3rd period - Jakob Pelletier wins face-off versus Dylan Peterson in TRENTON WHALERS zone.
7:42 of 3rd period - Shot by Dylan Peterson.
7:42 of 3rd period - Stopped by Clay Stevenson with a rebound.
7:44 of 3rd period - Shot by Matthew Robertson.
7:44 of 3rd period - Shot Blocked by Michael Benning.
7:55 of 3rd period - Shot by Carson Lambos.
7:55 of 3rd period - Shot Misses the Net.
7:57 of 3rd period - Shot by Carson Lambos.
7:57 of 3rd period - Shot Misses the Net.
8:12 of 3rd period - Minor Penalty to Ethan Samson for Holding.
8:13 of 3rd period - Jakob Pelletier wins face-off versus Jan Jenik in NEW-YORK OUTLAWS zone.
8:30 of 3rd period - Shot by Jan Jenik.
8:30 of 3rd period - Shot Misses the Net.
9:07 of 3rd period - Icing by Matthew Robertson.
9:08 of 3rd period - Massimo Rizzo wins face-off versus Vasiliy Ponomarev in NEW-YORK OUTLAWS zone.
9:29 of 3rd period - Shot by Sam Morton.
9:29 of 3rd period - Shot Misses the Net.
9:31 of 3rd period - Shot by Michael Benning.
9:31 of 3rd period - Stopped by Kevin Mandolese with a rebound.
9:33 of 3rd period - Shot by Sam Morton.
9:33 of 3rd period - Shot Misses the Net.
10:43 of 3rd period - Icing by Seamus Casey.
10:44 of 3rd period - Henrik Rybinski wins face-off versus Jonathan Lekkerimaki in NEW-YORK OUTLAWS zone.
10:57 of 3rd period - Shot by Sam Morton.
10:57 of 3rd period - Stopped by Kevin Mandolese with a rebound.
10:59 of 3rd period - Shot by Sam Morton.
10:59 of 3rd period - Stopped by Kevin Mandolese without a rebound.
11:00 of 3rd period - Michael Milne wins face-off versus Riley Duran in NEW-YORK OUTLAWS zone.
11:03 of 3rd period - Shot by Jakob Pelletier.
11:03 of 3rd period - Deflect By Gabriel Szturc.
11:03 of 3rd period - Shot Misses the Net.
11:22 of 3rd period - Shot by Jakob Pelletier.
11:22 of 3rd period - Shot Misses the Net.
11:24 of 3rd period - Shot by Maxwell Crozier.
11:24 of 3rd period - Stopped by Kevin Mandolese without a rebound.
11:25 of 3rd period - Dylan Peterson wins face-off versus Henrik Rybinski in NEW-YORK OUTLAWS zone.
11:40 of 3rd period - Michael Benning is hit by Dylan Peterson and loses puck.
11:46 of 3rd period - Icing by Sam Morton.
11:47 of 3rd period - Henrik Rybinski wins face-off versus Riley Duran in TRENTON WHALERS zone.
12:55 of 3rd period - Cole Koepke is hit by Matthew Robertson and loses puck.
13:11 of 3rd period - Daniil Miromanov is hit by Matthew Robertson and loses puck.
13:19 of 3rd period - Icing by Jonathan Lekkerimaki.
13:20 of 3rd period - Logan Morrison wins face-off versus Dylan Peterson in NEW-YORK OUTLAWS zone.
13:27 of 3rd period - Shot by Jason Polin.
13:27 of 3rd period - Shot Blocked by Matthew Robertson.
13:42 of 3rd period - Off-side.
13:43 of 3rd period - Riley Duran wins face-off versus Gabriel Szturc in neutral zone.
13:48 of 3rd period - Sam Malinski is hit by Jan Jenik and loses puck.
13:55 of 3rd period - Shot by Jan Jenik.
13:55 of 3rd period - Shot Misses the Net.
13:57 of 3rd period - Shot by Ryan Johnson.
13:57 of 3rd period - Stopped by Clay Stevenson with a rebound.
13:59 of 3rd period - Shot by Riley Duran.
13:59 of 3rd period - Shot Misses the Net.
14:07 of 3rd period - Shot by Jan Jenik.
14:07 of 3rd period - Shot Blocked by Daniil Miromanov.
14:16 of 3rd period - Icing by Sam Malinski.
14:17 of 3rd period - Gabriel Szturc wins face-off versus Riley Duran in TRENTON WHALERS zone.
14:17 of 3rd period - Gabriel Szturc is hit by Jan Jenik.
14:46 of 3rd period - Shot by Sam Morton.
14:46 of 3rd period - Shot Misses the Net.
14:48 of 3rd period - Shot by Sam Morton.
14:48 of 3rd period - Stopped by Kevin Mandolese with a rebound.
14:58 of 3rd period - Shot by Sam Morton.
14:58 of 3rd period - Stopped by Kevin Mandolese with a rebound.
15:00 of 3rd period - Shot by Sam Morton.
15:00 of 3rd period - Stopped by Kevin Mandolese without a rebound.
15:01 of 3rd period - Logan Morrison wins face-off versus Dylan Peterson in NEW-YORK OUTLAWS zone.
15:06 of 3rd period - Shot by Jason Polin.
15:06 of 3rd period - Shot Blocked by Carson Lambos.
15:09 of 3rd period - Icing by Matthew Robertson.
15:10 of 3rd period - Logan Morrison wins face-off versus Nathan Legare in NEW-YORK OUTLAWS zone.
15:13 of 3rd period - Shot by Logan Morrison.
15:13 of 3rd period - Shot Blocked by Carson Lambos.
15:36 of 3rd period - Minor Penalty to Jason Polin for Hooking.
15:37 of 3rd period - Jakob Pelletier wins face-off versus Riley Duran in TRENTON WHALERS zone.
15:56 of 3rd period - Shot by Spencer Stastney.
15:56 of 3rd period - Stopped by Clay Stevenson without a rebound.
15:57 of 3rd period - Dylan Peterson wins face-off versus Henrik Rybinski in TRENTON WHALERS zone.
16:20 of 3rd period - Shot by Nathan Legare.
16:20 of 3rd period - Shot Misses the Net.
16:43 of 3rd period - Icing by Spencer Stastney.
16:44 of 3rd period - Henrik Rybinski wins face-off versus Riley Duran in NEW-YORK OUTLAWS zone.
16:57 of 3rd period - Daniil Miromanov is hit by Jan Jenik and loses puck.
18:03 of 3rd period - Shot by Sam Morton.
18:03 of 3rd period - Stopped by Kevin Mandolese without a rebound.
18:04 of 3rd period - Logan Morrison wins face-off versus Dylan Peterson in NEW-YORK OUTLAWS zone.
18:19 of 3rd period - Shot by Jason Polin.
18:19 of 3rd period - Shot Misses the Net.
18:23 of 3rd period - Shot by Xavier Bourgault.
18:23 of 3rd period - Stopped by Kevin Mandolese without a rebound.
18:24 of 3rd period - Riley Duran wins face-off versus Jakob Pelletier in NEW-YORK OUTLAWS zone.
18:24 of 3rd period - Riley Duran is hit by Cole Koepke.
19:05 of 3rd period - Icing by Ian Mitchell.
19:06 of 3rd period - Cole Koepke wins face-off versus Jonathan Lekkerimaki in NEW-YORK OUTLAWS zone.
19:07 of 3rd period - TRENTON WHALERS, Clay Stevenson is pulled from the net.
19:34 of 3rd period - Shot by Daniil Miromanov.
19:34 of 3rd period - Stopped by Kevin Mandolese without a rebound.
19:35 of 3rd period - Vasiliy Ponomarev wins face-off versus Jakob Pelletier in NEW-YORK OUTLAWS zone.
19:44 of 3rd period - Shot by Carson Lambos.
19:44 of 3rd period - Goal by Carson Lambos - NEW-YORK OUTLAWS : 4 - TRENTON WHALERS : 2.
19:44 of 3rd period - Clay Stevenson from TRENTON WHALERS was sent back in the game.
19:45 of 3rd period - Henrik Rybinski wins face-off versus Riley Duran in neutral zone.
Goals for this period are 1 for NEW-YORK OUTLAWS vs 1 for TRENTON WHALERS.
Shots for this period are 7 for NEW-YORK OUTLAWS vs 16 for TRENTON WHALERS.
Back to the Top